 Dungeon Crawl Stone Soup version 0.28-b1-1-g3c77fb2ed1 (webtiles) character file.

Game seed: 9777587339681172231

41 Acheron the Chopper (level 3, -1/22 HPs)
             Began as a Gargoyle Gladiator on Jan 27, 2022.
             Slain by an orc wizard (5 damage)
             ... on level 2 of the Dungeon.
             The game lasted 00:03:57 (1450 turns).

Acheron the Chopper (Gargoyle Gladiator)            Turns: 1450, Time: 00:03:57

Health: -1/22      AC:  7    Str: 17    XL:     3   Next: 52%
Magic:  3/3        EV: 12    Int:  8    God:
Gold:   80         SH:  0    Dex: 13    Spells: 2/2 levels left

rFire   . . .      SeeInvis .   a - +0 war axe
rCold   . . .      Faith    .   (no shield)
rNeg    + . .      Spirit   .   b - +0 leather armour
rPois   ∞          Reflect  .   c - +0 helmet
rElec   +          Harm     .   (no cloak)
rCorr   .          Rampage  .   (no gloves)
Will    .....                   (no boots)
Stlth   +.........              (no amulet)
HPRegen 0.07/turn               (no ring)
MPRegen 0.08/turn               (no ring)

@: no status effects
A: sickness immunity, AC +3, negative energy resistance 1, electricity
resistance, torment resistance 1, petrification resistance
a: no special abilities


You were on level 2 of the Dungeon.
You visited 1 branch of the dungeon, and saw 3 of its levels.

You collected 80 gold pieces.

Inventory:

Hand Weapons
 a - a +0 war axe (weapon)
Missiles
 d - 3 throwing nets (quivered)
Armour
 b - a +0 leather armour (worn)
 c - a +0 helmet (worn)
 i - a +0 scale mail
Magical Staves
 l - a staff of fire
Scrolls
 e - a scroll of identify {unknown}
 h - a scroll of vulnerability {unknown}
 j - a scroll of noise {unknown}
Potions
 f - a potion of haste {unknown}
 g - a potion of brilliance {unknown}
 k - a potion of lignification {unknown}


   Skills:
 + Level 2.5 Fighting
 + Level 3.4 Axes
 + Level 1.8 Throwing
 + Level 0.4 Armour
 + Level 2.8 Dodging


You had 2 spell levels left.
You didn't know any spells.
Your spell library was empty.

Dungeon Overview and Level Annotations

Branches:
Dungeon (3/15)

Altars:


Innate Abilities, Weirdness & Mutations

You are immune to sickness and miasma.
Your stone body is resilient. (AC +3)
You are immune to poison.
You resist negative energy. (rN+)
You are resistant to electric shocks. (rElec)
You are resistant to unholy torment.
You are immune to petrification.


Message History

You slash the orc!
You kill the orc!
You hit the orc but do no damage. The orc completely misses you.
You hit the orc but do no damage. The orc hits you but does no damage.
You barely miss the orc.
The orc hits you with a +4 short sword. x2
You hit the orc.
The orc is severely wounded.
The orc completely misses you.
You barely miss the orc.
The orc is severely wounded.
The orc hits you with a +4 short sword.
You slash the orc!
You kill the orc!
Items here: )) [ †.
An orc comes into view. It is wielding a +0 hand axe.
Items here: )) [ †.
The orc shouts!
The orc hits you with a +0 hand axe.
You closely miss the orc. The orc barely misses you.
You hit the orc wizard.
The orc wizard is lightly wounded.
You barely miss the orc. The orc hits you with a +0 hand axe.
* * * LOW HITPOINT WARNING * * *
The orc wizard closely misses you. The orc hits you but does no damage.
The orc wizard misses you.
You hit the orc wizard.
The orc wizard is moderately wounded.
You barely miss the orc. The orc hits you but does no damage.
The orc wizard completely misses you.
You hit the orc wizard.
The orc wizard is heavily wounded.
You closely miss the orc. The orc barely misses you.
The orc wizard hits you with a +2 dagger of draining.
* * * LOW HITPOINT WARNING * * *
You barely miss the orc wizard.
The orc wizard is heavily wounded.
You hit the orc. The orc closely misses you. The orc wizard misses you.
The orc hits you but does no damage.
The orc wizard hits you with a +2 dagger of draining.
You die...

#.####### #........
####### #........
#.....# #........
#.###.# #........ #.#
#.# #........ #.# #.#
#.o...... #.# #.##
#@#########.#####.
#o)..........###8.
#.............#...
#).....[........).
#####..÷.........##...
#...'.)..........###8.
#.###............# ##.
#.# #............# ##
#.# #............#


You could see an orc wizard and an orc.

Vanquished Creatures
  A dart slug (D:1)
  3 orcs (D:2)
  A ball python (D:2)
  2 endoplasms
  2 giant cockroaches (D:1)
  3 goblins
  3 hobgoblins
  4 quokkas (D:1)
  6 bats
  3 frilled lizards
  A kobold (D:1)
  4 rats (D:1)
33 creatures vanquished.

Notes
Turn   | Place    | Note
-------+----------+-------------------------------------------
     0 | D:1      | Acheron the Gargoyle Gladiator began the quest for the Orb.
     0 | D:1      | Reached XP level 1. HP: 12/12 MP: 1/1
   260 | D:1      | Reached skill level 3 in Axes
   268 | D:1      | Reached XP level 2. HP: 17/17 MP: 2/2
   329 | D:1      | Found a faded altar of an unknown god.
   797 | D:1      | Reached XP level 3. HP: 18/22 MP: 3/3
  1450 | D:2      | Slain by an orc wizard

Illustrated notes

Levels and vault maps discovered:
D:1:      heliophobic_arrival_ceremonial_halls, layout_loops_cross,
          chequers_ecumenical_altar_simple_redux
D:2:      layout_basic, basic_altar, grunt_ministairs_7, dk_vineyard_1,
          uniq_robin
D:3:      kennysheep_six_static_rooms, layout_basic,
          mainiacjoe_overflow_alcove_1

Skill      XL: |  1 |
---------------+----+-----
Axes           | 3 |  3.4
Fighting       | |  2.5
Throwing       | |  1.8
Armour         | |  0.4
Dodging        | |  2.8

Action                   || total
-------------------------++-------
Melee: War axe           ||   111
       Punch             ||     1
Armor: Leather armour    ||    62
Dodge: Dodged            ||    90
